[ AOE2 MATCH · #513786125 ]
UnrankedLithuanians vs Cumans
Rival team · LOSS
[ REPLAY ANALYSIS · EXTRACTED FROM THE RECORDED GAME ]
Feudal
10:46
Castle
20:56
Imperial
—
| APM avg | 43.3 |
| APM peak | 76 |
| eAPM avg | 20.2 |
| Villagers / military | 95 / 73 |
Focus
⚔️ 33.2% · 🌾 66.8%
Knight ×27 · Militia ×15 · Leitis ×14 · Skirmisher ×11 · Monk ×5 · Scout Cavalry ×1
Feudal
9:51
Castle
25:46
Imperial
—
| APM avg | 17.6 |
| APM peak | 78 |
| eAPM avg | 8.7 |
| Villagers / military | 41 / 9 |
Focus
⚔️ 20.4% · 🌾 79.6%
Kipchak ×7 · Battering Ram ×2
Match map
Initial resources + every placement click. Lines = walls · curves = elevation contours. ◆ gold · ⬟ stone · ● berries · ✦ relic · ◌ wall gap
Your base· Open — unwalled flank
Pipi_Prime's base· Open — unwalled flank
Smoothed initial terrain · ◌ = detected wall gap · hover for details
Inputs per minute
— ChoRi-Wolo.gg - - Pipi_Prime
Build order — ChoRi-Wolo.gg
First 150 of 304 actions detected
| 0:01 | Queue | Villager (Male) |
| 0:02 | Queue | Villager (Male) |
| 0:02 | Queue | Villager (Male) |
| 0:02 | Queue | Villager (Male) |
| 0:03 | Queue | Villager (Male) |
| 0:03 | Queue | Villager (Male) |
| 0:05 | Build | House |
| 0:07 | Build | House |
| 1:50 | Queue | Villager (Male) |
| 1:50 | Queue | Villager (Male) |
| 1:54 | Build | Lumber Camp |
| 2:08 | Queue | Villager (Male) |
| 2:09 | Queue | Villager (Male) |
| 2:09 | Queue | Villager (Male) |
| 2:37 | Queue | Villager (Male) |
| 2:44 | Build | House |
| 3:45 | Queue | Villager (Male) |
| 3:46 | Queue | Villager (Male) |
| 3:46 | Queue | Villager (Male) |
| 4:14 | Queue | Villager (Male) |
| 4:15 | Queue | Villager (Male) |
| 4:19 | Build | Mill |
| 4:39 | Queue | Villager (Male) |
| 4:54 | Queue | Villager (Male) |
| 5:58 | Build | House |
| 6:05 | Queue | Villager (Male) |
| 6:38 | Build | Mill |
| 7:06 | Queue | Villager (Male) |
| 7:07 | Queue | Villager (Male) |
| 7:18 | Research | Loom |
| 8:34 | Queue | Villager (Male) |
| 8:35 | Queue | Villager (Male) |
| 8:37 | Research | Feudal Age |
| 9:48 | Build | Barracks |
| 10:03 | Build | House |
| 10:06 | Queue | Villager (Male) |
| 10:06 | Queue | Villager (Male) |
| 10:18 | Build | House |
| 10:46 | Age | Feudal Age |
| 11:02 | Queue | Militia |
| 11:02 | Queue | Militia |
| 11:14 | Research | Double-Bit Axe |
| 11:53 | Research | Man-at-Arms (upgrade) |
| 11:55 | Build | House |
| 11:59 | Queue | Villager (Male) |
| 12:00 | Queue | Villager (Male) |
| 12:05 | Research | Wheelbarrow |
| 12:45 | Queue | Militia |
| 12:45 | Queue | Militia |
| 13:06 | Build | House |
| 13:25 | Queue | Militia |
| 13:26 | Queue | Militia |
| 13:28 | Queue | Villager (Male) |
| 13:28 | Queue | Villager (Male) |
| 13:29 | Queue | Villager (Male) |
| 13:51 | Build | Farm |
| 13:51 | Build | Farm |
| 13:52 | Build | Farm |
| 13:52 | Build | Farm |
| 13:52 | Build | Farm |
| 13:52 | Build | Farm |
| 13:52 | Build | Farm |
| 13:52 | Build | Farm |
| 13:53 | Build | Farm |
| 13:53 | Build | Farm |
| 13:55 | Queue | Villager (Male) |
| 13:55 | Queue | Villager (Male) |
| 13:55 | Queue | Villager (Male) |
| 14:16 | Build | Palisade Wall |
| 14:17 | Build | Palisade Wall |
| 14:18 | Build | Palisade Wall |
| 14:18 | Build | Palisade Wall |
| 14:19 | Build | Palisade Wall |
| 14:19 | Build | Palisade Wall |
| 14:19 | Build | Palisade Wall |
| 14:19 | Build | Palisade Wall |
| 14:20 | Build | Palisade Wall |
| 14:20 | Build | Palisade Wall |
| 14:55 | Build | Mining Camp |
| 15:37 | Queue | Villager (Male) |
| 16:15 | Build | Market |
| 16:18 | Build | Blacksmith |
| 16:28 | Queue | Militia |
| 16:29 | Queue | Militia |
| 16:29 | Queue | Militia |
| 16:29 | Queue | Militia |
| 16:33 | Research | Arson |
| 17:02 | Build | Farm |
| 17:02 | Build | Farm |
| 17:02 | Build | Farm |
| 17:02 | Build | Farm |
| 17:03 | Build | Farm |
| 17:10 | Queue | Villager (Male) |
| 17:10 | Queue | Villager (Male) |
| 17:37 | Build | Palisade Wall |
| 17:37 | Build | Palisade Wall |
| 17:38 | Build | Palisade Wall |
| 17:38 | Build | Palisade Wall |
| 17:38 | Build | Palisade Wall |
| 17:39 | Build | Palisade Wall |
| 17:39 | Build | Palisade Wall |
| 17:39 | Build | Palisade Wall |
| 17:39 | Build | Palisade Wall |
| 17:40 | Build | Palisade Wall |
| 17:40 | Build | Palisade Wall |
| 17:40 | Build | Palisade Wall |
| 17:41 | Build | Palisade Wall |
| 17:41 | Build | Palisade Wall |
| 17:42 | Build | Palisade Wall |
| 17:42 | Build | Palisade Wall |
| 18:04 | Build | Farm |
| 18:08 | Build | Farm |
| 18:16 | Research | Castle Age |
| 18:17 | Research | Castle Age |
| 18:33 | Queue | Militia |
| 18:33 | Queue | Militia |
| 18:58 | Queue | Militia |
| 19:05 | Build | Stable |
| 19:11 | Research | Scale Mail Armor |
| 19:17 | Research | Scale Barding Armor |
| 20:04 | Queue | Militia |
| 20:04 | Queue | Militia |
| 20:09 | Research | Bloodlines |
| 20:21 | Build | Mining Camp |
| 20:23 | Queue | Villager (Male) |
| 20:56 | Age | Castle Age |
| 21:01 | Queue | Knight |
| 21:01 | Queue | Knight |
| 21:02 | Queue | Knight |
| 21:09 | Research | Forging |
| 21:16 | Build | Town Center |
| 21:32 | Build | House |
| 21:39 | Queue | Scout Cavalry |
| 21:42 | Queue | Knight |
| 21:55 | Queue | Villager (Male) |
| 21:56 | Queue | Villager (Male) |
| 21:59 | Build | House |
| 22:00 | Build | House |
| 22:02 | Build | House |
| 22:06 | Queue | Villager (Male) |
| 22:06 | Queue | Villager (Male) |
| 22:12 | Queue | Villager (Male) |
| 22:12 | Queue | Villager (Male) |
| 22:51 | Queue | Knight |
| 22:51 | Queue | Knight |
| 22:56 | Queue | Villager (Male) |
| 22:56 | Queue | Villager (Male) |
| 23:01 | Queue | Villager (Male) |
| 23:01 | Queue | Villager (Male) |
| 23:01 | Queue | Villager (Male) |
Build order — Pipi_Prime
110 actions detected in the replay
| 0:01 | Queue | Villager (Male) |
| 0:01 | Queue | Villager (Male) |
| 0:02 | Queue | Villager (Male) |
| 0:02 | Queue | Villager (Male) |
| 0:02 | Queue | Villager (Male) |
| 0:04 | Build | House |
| 0:06 | Build | House |
| 1:25 | Research | Loom |
| 1:25 | Research | Loom |
| 1:30 | Queue | Villager (Male) |
| 1:30 | Queue | Villager (Male) |
| 2:29 | Queue | Villager (Male) |
| 2:29 | Queue | Villager (Male) |
| 2:29 | Queue | Villager (Male) |
| 3:13 | Build | House |
| 3:14 | Build | House |
| 3:23 | Queue | Villager (Male) |
| 3:23 | Queue | Villager (Male) |
| 3:23 | Queue | Villager (Male) |
| 4:20 | Build | Mill |
| 4:36 | Queue | Villager (Male) |
| 4:36 | Queue | Villager (Male) |
| 4:37 | Queue | Villager (Male) |
| 4:37 | Queue | Villager (Male) |
| 5:34 | Queue | Villager (Male) |
| 5:35 | Queue | Villager (Male) |
| 6:14 | Queue | Villager (Male) |
| 7:02 | Build | Mining Camp |
| 7:41 | Research | Feudal Age |
| 7:55 | Build | Lumber Camp |
| 8:59 | Research | Loom |
| 9:01 | Queue | Villager (Male) |
| 9:02 | Queue | Villager (Male) |
| 9:51 | Age | Feudal Age |
| 10:06 | Build | Market |
| 10:35 | Build | Blacksmith |
| 10:53 | Build | Mining Camp |
| 10:58 | Queue | Villager (Male) |
| 10:59 | Queue | Villager (Male) |
| 11:10 | Queue | Villager (Male) |
| 12:04 | Build | Watch Tower |
| 12:18 | Queue | Villager (Male) |
| 12:18 | Queue | Villager (Male) |
| 12:24 | Build | Farm |
| 12:33 | Build | Palisade Wall |
| 12:36 | Build | Palisade Wall |
| 12:40 | Build | Palisade Wall |
| 12:42 | Build | Palisade Wall |
| 13:48 | Build | Watch Tower |
| 13:56 | Queue | Villager (Male) |
| 13:57 | Queue | Villager (Male) |
| 13:57 | Queue | Villager (Male) |
| 14:05 | Build | Palisade Wall |
| 14:09 | Build | Palisade Wall |
| 14:12 | Build | Palisade Wall |
| 14:14 | Build | Palisade Wall |
| 14:16 | Build | Palisade Wall |
| 14:20 | Build | Palisade Wall |
| 14:22 | Build | Palisade Wall |
| 14:24 | Build | Palisade Wall |
| 14:25 | Build | Palisade Wall |
| 14:27 | Build | Palisade Wall |
| 15:16 | Build | Watch Tower |
| 15:53 | Research | Fletching |
| 16:31 | Build | Watch Tower |
| 16:48 | Research | Wheelbarrow |
| 16:54 | Build | House |
| 16:56 | Build | House |
| 16:58 | Build | House |
| 17:17 | Build | Mining Camp |
| 18:04 | Build | Siege Workshop |
| 18:24 | Queue | Villager (Male) |
| 18:25 | Queue | Villager (Male) |
| 18:35 | Build | Lumber Camp |
| 18:45 | Queue | Battering Ram |
| 19:22 | Build | Farm |
| 19:24 | Build | Farm |
| 20:23 | Queue | Villager (Male) |
| 20:24 | Queue | Villager (Male) |
| 20:44 | Queue | Battering Ram |
| 21:24 | Build | Farm |
| 21:28 | Build | Farm |
| 23:09 | Research | Castle Age |
| 25:05 | Build | Lumber Camp |
| 25:46 | Age | Castle Age |
| 26:24 | Build | Castle |
| 27:59 | Queue | Villager (Male) |
| 27:59 | Queue | Villager (Male) |
| 27:59 | Queue | Villager (Male) |
| 28:00 | Queue | Villager (Male) |
| 28:00 | Queue | Villager (Male) |
| 29:30 | Build | Farm |
| 29:32 | Build | Farm |
| 29:34 | Build | Farm |
| 29:36 | Queue | Villager (Male) |
| 29:49 | Build | Farm |
| 29:54 | Queue | Villager (Male) |
| 30:51 | Queue | Kipchak |
| 31:51 | Research | Double-Bit Axe |
| 33:08 | Build | Watch Tower |
| 33:26 | Research | Bodkin Arrow |
| 34:26 | Research | Padded Archer Armor |
| 34:29 | Queue | Kipchak |
| 35:19 | Research | Leather Archer Armor |
| 36:25 | Build | Castle |
| 36:53 | Queue | Kipchak |
| 36:54 | Queue | Kipchak |
| 36:54 | Queue | Kipchak |
| 36:54 | Queue | Kipchak |
| 36:55 | Queue | Kipchak |
Match timeline
| 9:48 | ChoRi-Wolo.gg · first_building Barracks |
| 9:51 | Pipi_Prime · age_up feudal |
| 10:46 | ChoRi-Wolo.gg · age_up feudal |
| 12:33 | Pipi_Prime · wall_segment Palisade Wall x1 |
| 12:36 | Pipi_Prime · wall_segment Palisade Wall x1 |
| 12:40 | Pipi_Prime · wall_segment Palisade Wall x1 |
| 12:42 | Pipi_Prime · wall_segment Palisade Wall x1 |
| 14:05 | Pipi_Prime · wall_segment Palisade Wall x1 |
| 14:09 | Pipi_Prime · wall_segment Palisade Wall x1 |
| 14:12 | Pipi_Prime · wall_segment Palisade Wall x1 |
| 14:14 | Pipi_Prime · wall_segment Palisade Wall x1 |
| 14:16 | Pipi_Prime · wall_segment Palisade Wall x1 |
| 14:16 | ChoRi-Wolo.gg · wall_segment Palisade Wall x3 |
| 14:17 | ChoRi-Wolo.gg · wall_segment Palisade Wall x3 |
| 14:18 | ChoRi-Wolo.gg · wall_segment Palisade Wall x1 |
| 14:18 | ChoRi-Wolo.gg · wall_segment Palisade Wall x1 |
| 14:19 | ChoRi-Wolo.gg · wall_segment Palisade Wall x2 |
| 14:19 | ChoRi-Wolo.gg · wall_segment Palisade Wall x1 |
| 14:19 | ChoRi-Wolo.gg · wall_segment Palisade Wall x1 |
| 14:19 | ChoRi-Wolo.gg · wall_segment Palisade Wall x1 |
| 14:20 | Pipi_Prime · wall_segment Palisade Wall x1 |
| 14:20 | ChoRi-Wolo.gg · wall_segment Palisade Wall x1 |
| 14:20 | ChoRi-Wolo.gg · wall_segment Palisade Wall x1 |
| 14:22 | Pipi_Prime · wall_segment Palisade Wall x1 |
| 14:24 | Pipi_Prime · wall_segment Palisade Wall x1 |
| 14:25 | Pipi_Prime · wall_segment Palisade Wall x1 |
| 14:27 | Pipi_Prime · wall_segment Palisade Wall x1 |
| 14:54 | Pipi_Prime · first_market_buy 100 food |
| 17:37 | ChoRi-Wolo.gg · wall_segment Palisade Wall x4 |
| 17:37 | ChoRi-Wolo.gg · wall_segment Palisade Wall x1 |
| 17:38 | ChoRi-Wolo.gg · wall_segment Palisade Wall x2 |
| 17:38 | ChoRi-Wolo.gg · wall_segment Palisade Wall x1 |
| 17:38 | ChoRi-Wolo.gg · wall_segment Palisade Wall x2 |
| 17:39 | ChoRi-Wolo.gg · wall_segment Palisade Wall x1 |
| 17:39 | ChoRi-Wolo.gg · wall_segment Palisade Wall x1 |
| 17:39 | ChoRi-Wolo.gg · wall_segment Palisade Wall x2 |
| 17:39 | ChoRi-Wolo.gg · wall_segment Palisade Wall x2 |
| 17:40 | ChoRi-Wolo.gg · wall_segment Palisade Wall x1 |
| 17:40 | ChoRi-Wolo.gg · wall_segment Palisade Wall x1 |
| 17:40 | ChoRi-Wolo.gg · wall_segment Palisade Wall x1 |
| 17:41 | ChoRi-Wolo.gg · wall_segment Palisade Wall x2 |
| 17:41 | ChoRi-Wolo.gg · wall_segment Palisade Wall x1 |
| 17:42 | ChoRi-Wolo.gg · wall_segment Palisade Wall x1 |
| 17:42 | ChoRi-Wolo.gg · wall_segment Palisade Wall x1 |
| 18:04 | Pipi_Prime · first_building Siege Workshop |
| 19:05 | ChoRi-Wolo.gg · first_building Stable |
| 20:56 | ChoRi-Wolo.gg · age_up castle |
| 23:01 | Pipi_Prime · first_market_sell 100 wood |
| 25:46 | Pipi_Prime · age_up castle |
| 26:24 | Pipi_Prime · first_building Castle |
| 27:43 | ChoRi-Wolo.gg · first_building Siege Workshop |
| 30:19 | ChoRi-Wolo.gg · first_building Castle |
| 32:10 | ChoRi-Wolo.gg · first_building Monastery |
| 33:27 | ChoRi-Wolo.gg · first_building Archery Range |
| 37:26 | Pipi_Prime · resign |
[ AI ANALYSIS · 1 CREDIT ]
What really happened in this match?
Wolo.gg analyzes every decision: build order, eco, micro, common mistakes by bracket. Personalized analysis on WhatsApp or Discord in 30 seconds.
Civ guide
Lithuanians
Perfil
Jugador #3309795